[Event "Marienbad B1-IM 2024"]
[Site "Marianske Lazne"]
[Date "2024.01.20"]
[Round "9.15"]
[White "Zdybel, Przemyslaw"]
[Black "Ashwath, R.."]
[Result "1/2-1/2"]
[ECO "C60"]
[WhiteElo "2180"]
[BlackElo "2284"]
[Annotator "ChessBase"]
[PlyCount "28"]
[EventDate "2024.01.10"]
[EventType "tourn"]
[EventCountry "CZE"]
[SourceTitle "playchess.com"]
[Source "ChessBase"]
[SourceQuality "1"]
[TimeControl "40/5400+30:1800+30"]

1. e4 e5 2. Nf3 Nc6 3. Bb5 Nge7 4. Nc3 Ng6 5. d4 exd4 6. Nxd4 Nxd4 7. Qxd4 c6 8. Be2 Qb6 9. Qd3 Be7 10. O-O O-O 11. a4 d6 12. a5 Qc7 13. f4 f5 14. Be3 fxe4 1/2-1/2